[Event "Budapest One Week IM-A 03-2025"]
[Site "Budapest"]
[Date "2025.03.19"]
[Round "4.5"]
[White "Rydstrom, Tom"]
[Black "Tscheuschner, Georg"]
[Result "1-0"]
[Annotator "TA"]
[ECO "B12"]
[WhiteElo "2301"]
[BlackElo "2236"]
[PlyCount "81"]
[EventDate "2025.03.17"]
[EventType "tourn"]
[EventCountry "HUN"]
[SourceTitle "playchess.com"]
[Source "ChessBase"]
[SourceQuality "1"]
[TimeControl "5400+30"]

1. e4 c6 2. d4 d5 3. e5 c5 4. dxc5 e6 5. Nf3 Bxc5 6. a3 {[%emt 0:01:04] B12: Caro-Kann: Advance Variation.} f6 7. b4 Be7 8. Bb2 {[%emt 0:00:28] The position is equal.} a5 9. b5 Nd7 10. c4 Nxe5 $1 11. Nxe5 fxe5 12. Bxe5 Nf6 13. Nd2 O-O 14. Bd3 b6 15. O-O Bb7 16. Qe2 Bd6 17. Bb2 Qd7 18. Rad1 $146 (18. Nf3 $5) (18. Nf3 Rae8 19. Ne5 Qc7 20. Rac1 Qe7 21. Rc3 Bc5 22. Rb3 a4 23. Rc3 Bd4 24. Rcc1 {1-0 Musiolik,D (2291)-Neugirg,M (1781) GER-ch U18 Willingen 2023 (8)}) 18... Rae8 19. Nf3 Qe7 20. Ne5 Bxa3 21. Nc6 Qd6 22. Bxa3 Qxa3 23. Qe3 {[%emt 0:00:02][%cal Od3h7] [#]} Qc5 (23... Qd6 $1 $11) 24. Qxc5 $14 {[%emt 0:00:14][%csl Oc6] Strong Square White (c6)} bxc5 25. Nxa5 Rb8 26. Rb1 $36 {[%emt 0:07:18][%mdl 2048] White is in control.} Nd7 27. Rfe1 Kf7 28. h4 {[%emt 0:07:44] White is much more active.} ({Of course not} 28. Bxh7 $6 g6 $11) ({White should try} 28. Rbc1 $16) 28... Nb6 29. h5 h6 (29... Nxc4 $11 30. Nxc4 (30. Bxc4 dxc4 31. Nxc4 Bd5 $11) 30... dxc4 31. Bxc4 Bd5) 30. Re5 (30. Rbc1 $16) 30... Nd7 31. Re2 Kf6 $2 {[%emt 0:06:49][%mdl 8192] Loses the game.} (31... dxc4 $1 $14 32. Nxc4 Ke7) 32. Rbe1 $18 e5 33. Nc6 Bxc6 (33... dxc4 $142 34. Nxb8 (34. Bxc4 Bxc6 35. bxc6 Nb6 $18) 34... Rxb8 35. Bxc4 e4) 34. bxc6 {[%emt 0:00:01] White is clearly winning.} e4 35. Bc2 (35. cxd7 exd3 36. Re3 (36. Re6+ Kf7 $11) 36... Kf7 37. Rf3+ (37. Rxd3 dxc4 38. Rd5 Rbd8 $16) (37. cxd5 c4 $11) 37... Kg8 38. Rxd3 dxc4 $18) 35... Nb6 36. cxd5 Nxd5 (36... Ke5 $142 37. Bxe4 (37. Rxe4+ Kxd5 38. c7 Rbc8 $18) 37... Kd6) 37. Rxe4 {[%emt 0:00:19] [#] And now Re5 would win.} Nc7 38. Rf4+ Kg5 39. Rxf8 Rxf8 40. Re7 Nd5 41. Re5+ {[%emt 0:00:04] Weighted Error Value: White=0.29 (precise) /Black=0.61  Loses game:     	---       	Black=1      Mistake:       	White=2     	Black=4      Inaccurate:     	---       	Black=4      OK:         	White=17    	Black=13     Best:        	White=5     	Black=1      Strong:       	---       	Black=1} 1-0

[Event "Budapest One Week IM-A 03-2025"]
[Site "Budapest"]
[Date "2025.03.19"]
[Round "5.1"]
[White "Tscheuschner, Georg"]
[Black "Turzo, Attila"]
[Result "1/2-1/2"]
[Annotator "TA"]
[ECO "A11"]
[WhiteElo "2236"]
[BlackElo "2272"]
[PlyCount "96"]
[EventDate "2025.03.17"]
[EventType "tourn"]
[EventCountry "HUN"]
[SourceTitle "playchess.com"]
[Source "ChessBase"]
[SourceQuality "1"]
[TimeControl "5400+30"]

1. c4 c6 2. Nf3 d5 3. e3 Nf6 4. Nc3 a6 5. Be2 Bf5 6. Qb3 {[%emt 0:01:20] A11: English Opening: 1...c6.} Ra7 7. d3 h6 $146 (7... e6 $11) (7... e6 8. e4 dxe4 9. dxe4 Nxe4 10. Nxe4 Bxe4 11. Qe3 Bxf3 12. Qxa7 Bxg2 13. Rg1 Bb4+ {0-1 Brilej,J (2280)-Iskusnyh,S (2440) Titled Tuesday intern op 06th Aug Early blitz 2024 (10)}) 8. cxd5 $16 {[%emt 0:21:31] White is clearly better.} cxd5 {[%emt 0:00:10] [#]} 9. e4 $1 dxe4 10. dxe4 Be6 11. Qa3 Nc6 12. Be3 Ra8 13. O-O Bd7 {[%emt 0:03:41][%csl Of8] Black has a bad bishop} 14. Qb3 b5 (14... e6 15. Qxb7 Rb8 16. Qxa6 Nb4) 15. a4 $18 Na5 16. Qd1 Nc4 (16... b4 {was worth a try.}) 17. axb5 axb5 18. Bxc4 bxc4 19. Ne5 e6 {[%emt 0:03:25] [#]} 20. Bb6 $2 Rxa1 $16 21. Bxd8 Rxd1 22. Rxd1 Be7 23. Bb6 Bc8 24. Nc6 {[%emt 0:01:16] White has more active pieces. Excellent horsemanship.} Nd7 {[%emt 0:00:46] Wards off Bc5} 25. Nxe7 (25. Ba5 $16) 25... Kxe7 26. Bc7 Bb7 27. f3 Ra8 28. Kf2 Ra6 29. e5 ({Better is} 29. Nb5 $14) 29... f6 30. f4 fxe5 31. fxe5 Ke8 32. Ke3 Rc6 33. Bd6 Rb6 {[%emt 0:02:07] Dodges Nb5} (33... Kf7 $11 {feels stronger.}) 34. Rd2 Rb3 35. Kd4 Ba6 $1 36. Rf2 Rb7 37. Ne4 Rb3 38. Nc5 {[%emt 0:00:23] Wards off Rd3+} Nxc5 39. Kxc5 $11 {[%emt 0:00:09][%mdl 4096] Endgame Strongly threatening Kc6. KRB-KRB} c3 $2 {[%emt 0:00:51][%mdl 8192] [#]} (39... Kd7 $11) 40. bxc3 $2 (40. Kc6 $1 $18 Rb6+ 41. Kxb6) 40... Rxc3+ $14 41. Kb6 Bd3 42. Rf8+ Kd7 43. Rf7+ Kd8 44. Rxg7 Rc2 45. Bc5 Be4 46. Rg8+ Kd7 {[%emt 0:00:02] The position is equal.} 47. Rg7+ Kd8 48. Rg8+ Kd7 {[%emt 0:00:07] Weighted Error Value: White=0.39/Black=0.39  Loses game:     	---       	Black=1      Missed win:     	White=2     	---        Mistake:       	White=2     	Black=4      Inaccurate:     	---       	Black=2      OK:         	White=12    	Black=17     Best:        	White=5     	Black=2      Strong:       	---       	Black=1      Brilliant:      	White=1     	---} 1/2-1/2

[Event "Budapest One Week IM-A 03-2025"]
[Site "Budapest"]
[Date "2025.03.19"]
[Round "5.2"]
[White "Nakahara, Kan"]
[Black "Rydstrom, Tom"]
[Result "0-1"]
[Annotator "TA"]
[ECO "C92"]
[WhiteElo "2113"]
[BlackElo "2301"]
[PlyCount "96"]
[EventDate "2025.03.17"]
[EventType "tourn"]
[EventCountry "HUN"]
[SourceTitle "playchess.com"]
[Source "ChessBase"]
[SourceQuality "1"]
[TimeControl "5400+30"]

1. e4 e5 2. Nf3 Nc6 3. Bb5 a6 4. Ba4 Nf6 5. O-O Be7 6. Re1 b5 7. Bb3 d6 8. c3 O-O 9. h3 Nd7 10. a4 Bb7 11. d4 Bf6 12. a5 {[%emt 0:04:18] C92: Closed Ruy Lopez: 9...Be6, Karpov and Flohr-Zaitsev Variations.} Re8 13. d5 Ne7 14. Ba2 {[%emt 0:06:43] White is slightly better.} g6 $146 (14... Nf8 15. Nh2 Neg6 16. Ng4 Bg5 17. Bxg5 Qxg5 18. Nd2 Bc8 19. Re3 h5 20. Nf3 Qe7 {½-½ Byron,A (2196)-Sachdev,T (2398) Gibraltar Masters 8th 2010 (6)}) 15. Bg5 Bg7 16. Qd2 f6 $1 17. Bh6 g5 (17... f5 $11) 18. Bxg7 $16 Kxg7 19. Na3 Nf8 20. h4 (20. c4 $16) 20... gxh4 $1 $11 21. Nxh4 Nfg6 22. Nf3 (22. Nxg6 $11 hxg6 23. c4) 22... Kh8 (22... Rg8 $15 23. c4 Qd7) 23. Kf1 (23. c4 Nf4 24. cxb5 Qd7 $17) ({Better is} 23. Qh6 $11) 23... Rg8 24. Nc2 Qd7 (24... Qf8 $1 $17 {and ...f5 would now be decisive} 25. g3 f5) 25. Ne3 {[%emt 0:11:33] [#] White is on the road to losing.} (25. Qh6 $11) 25... Nf4 $1 $19 26. Nh4 (26. Ng1 $142) 26... Rg5 27. f3 {[%emt 0:06:56] [#]} Rh5 $1 28. Nhf5 (28. Qf2 Nd3 29. Qg3) 28... Nxf5 29. exf5 Rg8 30. Kf2 Rh2 31. Rg1 Nh3+ 32. Ke2 Nxg1+ 33. Rxg1 Qg7 34. Bb1 $2 (34. Qd1) 34... Qg3 $2 (34... Rxg2+ 35. Rxg2 Qxg2+ 36. Nxg2 Rxg2+ 37. Ke3 Rxd2 38. Kxd2 Bxd5) 35. Be4 Qh4 36. Kd3 (36. b3 $17 {was called for.}) 36... Rh1 37. Rxh1 Qxh1 38. Ng4 Bc8 39. Qf2 (39. b4 $142) 39... Qd1+ 40. Ke3 Qc1+ 41. Kd3 Qg5 42. Ne3 Qg3 43. Qg1 Bd7 44. Qh1 Be8 45. Ng4 $2 (45. Qh6 Qg5 46. Qxg5 Rxg5 47. Ke2) 45... Rxg4 46. Qh6 Rg8 (46... Qxg2 47. fxg4 Qg3+ (47... Qxg4 48. Qf8+ Qg8 49. Qxf6+ Qg7 50. Qd8 $14) 48. Kd2 Qf2+ (48... Qxg4 49. Qf8+ Qg8 50. Qxf6+ Qg7 51. Qd8 $16) 49. Kd3 Qf1+ (49... Qxb2 50. Qf8#) 50. Kd2 $11) 47. Qxf6+ Qg7 48. Qh4 Qg5 {[%emt 0:01:08] Weighted Error Value: White=0.60/Black=0.36  Loses game:     	White=1     	---        Mistake:       	White=9     	Black=4      Inaccurate:     	White=5     	Black=5      OK:         	White=9     	Black=9      Best:        	White=3     	Black=3      Strong:       	---       	Black=3} 0-1

[Event "Budapest One Week IM-A 03-2025"]
[Site "Budapest"]
[Date "2025.03.19"]
[Round "5.3"]
[White "Krizsany, Laszlo"]
[Black "Horvath, David"]
[Result "1/2-1/2"]
[Annotator "NA RC"]
[ECO "E67"]
[WhiteElo "2287"]
[BlackElo "2279"]
[PlyCount "22"]
[EventDate "2025.03.17"]
[EventType "tourn"]
[EventCountry "HUN"]
[SourceTitle "playchess.com"]
[Source "ChessBase"]
[SourceQuality "1"]
[TimeControl "5400+30"]

1. d4 Nf6 2. c4 g6 3. Nf3 Bg7 4. g3 O-O 5. Bg2 d6 6. Nc3 Bf5 7. Nh4 Bc8 8. Nf3 Bf5 9. Nh4 Bc8 10. Nf3 Nbd7 11. O-O e5 1/2-1/2

[Event "Budapest One Week IM-A 03-2025"]
[Site "Budapest"]
[Date "2025.03.19"]
[Round "5.4"]
[White "Chakrabarty, Reyaansh"]
[Black "Foldes, Marton Gabor"]
[Result "1/2-1/2"]
[Annotator "TA"]
[ECO "B40"]
[WhiteElo "2181"]
[BlackElo "2332"]
[PlyCount "113"]
[EventDate "2025.03.17"]
[EventType "tourn"]
[EventCountry "HUN"]
[SourceTitle "playchess.com"]
[Source "ChessBase"]
[SourceQuality "1"]
[TimeControl "5400+30"]

1. e4 c5 2. Nf3 e6 3. d4 cxd4 4. Nxd4 Nf6 5. Nc3 Nc6 6. Nxc6 bxc6 7. e5 Nd5 8. Ne4 Qc7 9. f4 Qb6 10. c4 Bb4+ 11. Ke2 f5 12. Nf2 Ba6 13. Kf3 Ne7 14. Be3 Bc5 $1 15. Bxc5 {[%emt 0:00:01] B45: Sicilian Four Knights.} Qxc5 16. Qd6 Qa5 {[%emt 0:00:15][%cal Og7g5] A sharp opening} 17. h4 {[%emt 0:09:00] White has an edge.} Rd8 18. Kg3 c5 19. Nd3 Rc8 20. Ne1 $146 (20. Nf2 Kf7 21. Be2 Rhd8 22. Bh5+ g6 23. Bf3 h6 24. b3 Rc6 25. Qd3 d5 26. exd6 Rcxd6 {0-1 Firat,B (2466)-Tari,A (2639) Titled Tuesday intern op 11th May blitz 2021 (10)}) 20... Rc6 21. Qd1 Rb6 22. b3 Qc3+ 23. Nf3 Bb7 24. Be2 Nc6 25. Rc1 Qa5 26. Rc2 Bc8 27. h5 Nb4 28. Rd2 ({Better is} 28. Qd2 $14) 28... Nxa2 $11 29. Qa1 {[%emt 0:03:10] The position is equal. Prevents Nc3.} Ra6 $1 30. Rd6 Nc3 (30... Bb7 {simplifies} 31. Rxa6 Qxa6 32. Kf2 Rg8) 31. Rxa6 $1 Ne4+ 32. Kh2 Qxa6 33. Qxa6 Bxa6 34. Ra1 $132 {[%emt 0:00:01][%mdl 2048] White is fighting back} Bb7 35. Rxa7 Bc6 36. Ng5 Nd2 37. Bf3 Nxf3+ 38. Nxf3 {[%emt 0:00:04][%mdl 4096] Endgame KRB-KRN} ({Much weaker is} 38. gxf3 h6 39. Nh3 (39. Rc7 $2 Ke7 $19) 39... Bxf3 $15) 38... Ke7 39. Ra5 Rb8 40. Rxc5 Bxf3 41. gxf3 Rxb3 {[%emt 0:00:01] KR-KR} 42. Kg2 Rb7 43. Rc8 d6 44. exd6+ Kxd6 45. c5+ Kd7 46. Rg8 Kc6 47. Re8 Kxc5 48. Rxe6 Rf7 49. h6 gxh6 50. Rxh6 Kd5 51. Ra6 Rg7+ 52. Kh3 Rg6 53. Rxg6 hxg6 54. Kh4 {[%emt 0:00:06] [#] Kg5 would kill now.} Ke6 (54... Kd4 $5) 55. Kg5 Kf7 56. Kh4 $1 Kf6 57. Kg3 {[%emt 0:00:07] Weighted Error Value: White=0.07 (flawless) /Black=0.05 (flawless)   Mistake:       	White=1     	---        Inaccurate:     	White=2     	Black=1      OK:         	White=22    	Black=17     Best:        	White=2     	Black=4      Strong:       	White=2     	Black=1} 1/2-1/2

[Event "Budapest One Week IM-A 03-2025"]
[Site "Budapest"]
[Date "2025.03.19"]
[Round "5.5"]
[White "Singh, Siddharth"]
[Black "Ratsma, Midas"]
[Result "1/2-1/2"]
[Annotator "NA RC"]
[ECO "C50"]
[WhiteElo "2239"]
[BlackElo "2268"]
[PlyCount "83"]
[EventDate "2025.03.17"]
[EventType "tourn"]
[EventCountry "HUN"]
[SourceTitle "playchess.com"]
[Source "ChessBase"]
[SourceQuality "1"]
[TimeControl "5400+30"]

1. e4 e5 2. Nf3 Nc6 3. Bc4 Nf6 4. d3 Bc5 5. c3 O-O 6. O-O d5 7. exd5 Nxd5 8. Re1 Bg4 9. Nbd2 Nb6 10. h3 Bh5 11. Bb3 a5 12. Ne4 a4 13. Bc2 Ra5 14. Bg5 Be7 15. Bxe7 Nxe7 16. Ng3 Bxf3 17. Qxf3 Nc6 18. Rad1 Qd5 19. Qxd5 Rxd5 20. b4 axb3 21. Bxb3 Ra5 22. d4 Rd8 23. Ne4 exd4 24. cxd4 Rxd4 25. Rxd4 Nxd4 26. Nd6 Ra8 27. Nxb7 Kf8 28. Re4 Nxb3 29. axb3 Ra1+ 30. Kh2 Rc1 31. b4 Rc4 32. Rxc4 Nxc4 33. Kg3 Ke7 34. Kf4 Nb2 35. Ke4 Kd7 36. Na5 Nd1 37. f3 Nc3+ 38. Kd4 Ne2+ 39. Ke3 Nc3 40. Kd4 Ne2+ 41. Ke3 Nc3 42. Kd4 1/2-1/2

[Event "Budapest One Week IM-A 03-2025"]
[Site "Budapest"]
[Date "2025.03.20"]
[Round "6.1"]
[White "Turzo, Attila"]
[Black "Ratsma, Midas"]
[Result "0-1"]
[Annotator "TA"]
[ECO "D37"]
[WhiteElo "2272"]
[BlackElo "2268"]
[PlyCount "108"]
[EventDate "2025.03.17"]
[EventType "tourn"]
[EventCountry "HUN"]
[SourceTitle "playchess.com"]
[Source "ChessBase"]
[SourceQuality "1"]
[TimeControl "5400+30"]

1. d4 d5 2. c4 e6 3. Nf3 Nf6 4. Nc3 Be7 5. Bf4 O-O 6. e3 c5 7. dxc5 Bxc5 8. cxd5 Nxd5 9. Nxd5 exd5 10. Bd3 Bb4+ {[%emt 0:01:57] D37: Queen's Gambit Declined: 5 Bf4.} 11. Nd2 Qf6 12. Qc2 $146 (12. Rb1 Bf5 13. Bxf5 Qxf5 14. O-O Nc6 15. Nf3 Rfd8 16. Nd4 Nxd4 17. Qxd4 Ba5 18. Rfd1 {½-½ Keymer,V (2693)-Carlsen,M (2861) Julius Baer GenCup KO rapid 2022 (2.12)}) 12... h6 {[%emt 0:04:41] A sharp opening. The position is equal.} 13. O-O Nc6 14. Rac1 Be6 15. a3 Ba5 16. Nb3 Bb6 17. Nc5 Rac8 18. Qd2 (18. Nxb7 $2 Na5 19. Qe2 (19. Bh7+ $2 Kh8 $19) 19... Nxb7 $19) 18... Na5 19. Qb4 Bf5 20. Bxf5 Qxf5 21. Na4 Rxc1 22. Rxc1 Rc8 23. Rxc8+ Qxc8 24. h3 (24. Nxb6 $2 Qc1+) 24... Qc1+ 25. Kh2 Bc7 26. Bg3 Qc6 27. Nc3 Bxg3+ 28. Kxg3 $11 {[%emt 0:00:03][%mdl 4096] Endgame KQN-KQN} Nc4 29. Qe7 Nxb2 30. Qd8+ Kh7 31. Nxd5 {[%emt 0:00:08] And now Ne7 would win.} Nc4 32. Ne7 Qd6+ 33. Qxd6 Nxd6 $15 {[%emt 0:00:03] KN-KN} 34. Kf4 Nc4 35. a4 Nb6 {[%emt 0:01:28] Wards off Nc8} 36. a5 Nc4 37. a6 bxa6 38. Ke4 a5 39. Kd3 Ne5+ 40. Kc3 g5 41. g3 $2 (41. Nd5 $17 {was worth a try.}) 41... Nf3 42. Nc6 h5 43. Nxa5 {[%emt 0:00:49] [#]} Ng1 $1 44. h4 {[%emt 0:02:20] [#]} gxh4 45. gxh4 Nf3 46. Kd3 f5 (46... Nxh4 47. Ke4 $17) 47. e4 f4 (47... Nxh4 $19 {...f4 would now be deadly.} 48. Nc6 fxe4+ 49. Kxe4 a6) 48. Nc6 $11 a6 49. Nb4 a5 50. Nd5 Ne5+ 51. Kd4 Ng6 52. e5 f3 53. Nf6+ Kh6 54. e6 $2 (54. Ng8+ $1 $11 {and White stays safe.} Kg7 55. Nf6) 54... Nxh4 {[%emt 0:00:22] Weighted Error Value: White=0.15 (very precise) /Black=0.11 (very precise)   Loses game:     	White=1     	---        Missed win:     	---       	Black=1      Mistake:       	White=1     	---        Inaccurate:     	White=4     	Black=2      OK:         	White=19    	Black=23     Best:        	White=5     	Black=6} 0-1

[Event "Budapest One Week IM-A 03-2025"]
[Site "Budapest"]
[Date "2025.03.20"]
[Round "6.2"]
[White "Foldes, Marton Gabor"]
[Black "Singh, Siddharth"]
[Result "1/2-1/2"]
[Annotator "TA"]
[ECO "B50"]
[WhiteElo "2332"]
[BlackElo "2239"]
[PlyCount "143"]
[EventDate "2025.03.17"]
[EventType "tourn"]
[EventCountry "HUN"]
[SourceTitle "playchess.com"]
[Source "ChessBase"]
[SourceQuality "1"]
[TimeControl "5400+30"]

1. e4 c5 2. Nf3 d6 3. c3 Nf6 4. h3 g6 5. Bd3 Bg7 6. Bc2 O-O 7. d4 cxd4 8. cxd4 d5 9. e5 Ne4 10. O-O Nc6 11. Nbd2 Bf5 12. Re1 Nxd2 {[%emt 0:05:56] B50: Sicilian: 2...d6, Miscellaneous.} 13. Bxd2 Qd7 14. Bxf5 Qxf5 15. Qb3 Qd7 16. Rac1 Rac8 $146 (16... e6 17. Rc2 f6 18. exf6 Bxf6 19. Bc3 Rae8 20. Rce2 Bd8 21. Qd1 Rxf3 22. gxf3 Bc7 {0-1 Gentilleau,J (2209)-Halldorsson,H (2226) EU-Cup 22nd Fuegen 2006 (6.2)}) 17. a4 Rc7 18. Rc5 (18. Rc3 $11) 18... Nxd4 $1 $17 19. Qxd5 (19. Rxc7 Nxf3+ 20. Qxf3 Qxc7 21. Qe3 (21. Qxd5 Rd8 $17)) 19... Nxf3+ (19... b6 $17 20. Qxd4 (20. Qxd7 $2 Rxd7 21. Nxd4 bxc5 $19) 20... bxc5) 20. gxf3 $15 Qxd5 21. Rxd5 e6 22. Rd4 Rfc8 23. Bc3 Kf8 24. f4 Ke8 25. Kg2 Rd8 26. Red1 Rcd7 27. Kf3 Bf8 28. Ke4 a6 29. Ba5 Rxd4+ 30. Rxd4 Rxd4+ 31. Kxd4 {[%emt 0:00:01][%mdl 4096] Endgame KB-KB} Kd7 32. Kc4 Kc6 33. Bd2 (33. Be1 $15) 33... b5+ $17 34. axb5+ axb5+ 35. Kd3 Kd5 36. b4 ({White should try} 36. f3 $15) 36... Be7 $19 37. f3 Bh4 38. Kc3 $2 (38. Be3 {is the only way for White.}) 38... Bg3 (38... g5 $142 {and ...Bg3 should not be overlooked} 39. fxg5 Kxe5) 39. Kd3 g5 40. fxg5 (40. f5) 40... Kxe5 41. Be3 Bf4 42. h4 Bxe3 $2 (42... Bg3 $19 43. h5 Kf5) 43. Kxe3 {[%emt 0:00:01] KP-KP} Kf5 44. Kd4 (44. Kf2 $1 $11) 44... Kf4 $17 45. Kc5 Kxf3 {[%emt 0:00:03] ( -> ...e5)} 46. Kxb5 {[%emt 0:00:01] K3P-K3P} e5 $1 {[%emt 0:00:04] ( -> ...e4)} 47. Kc5 e4 {[%emt 0:00:02] ( -> ...e3)} 48. b5 e3 {[%emt 0:00:02] ( -> ...e2)} 49. b6 e2 50. b7 e1=Q (50... e1=B $2 51. b8=Q $18 (51. b8=B $2 Bxh4 52. Kd6 Bxg5 $19)) 51. b8=Q {[%emt 0:00:29] [#] KQ-KQ Against Qe8} Qe3+ (51... Qxh4 52. Qb3+ Kg4 53. Qc4+ Kxg5 54. Qxf7 $14) (51... Kg4 $1 $17 52. Qd8 Qf2+ (52... Qxh4 53. Qd7+ Kxg5 54. Qxf7 $11) 53. Kb5 Qf5+ (53... Qxh4 54. Qd7+ Kg3 55. Qd3+ Kh2 56. Kc6 $11) 54. Kb6 Qg6+ (54... Kxh4 55. g6+ Kh3 56. gxh7 $11) 55. Ka7 Kxh4 56. Qd4+ Kh5 (56... Kxg5 57. Qd2+ Kf6 58. Qd6+ Kg7 59. Qe7 $17)) 52. Kc6 $15 Qe6+ 53. Kc5 $1 Qe7+ 54. Kd5 (54. Qd6 $11 Qe3+ 55. Kb5) 54... Qe4+ $17 55. Kc5 Kg4 $1 ({But not} 55... Qxh4 $6 56. Qb3+ Kg4 57. Qc4+ Kxg5 58. Qxf7 $11) 56. Qh2 Qe3+ 57. Kd5 {[%emt 0:00:29] [#]} (57. Kd6 $17) 57... Qf3+ $2 ({Better is} 57... Qe1 $1 $19 58. Kd6 Qg3+ (58... Qxh4 59. Qe2+ Kxg5 60. Qe7+ Kg4 61. Qxf7 $11) 59. Qxg3+ Kxg3) 58. Ke5 (58. Kd6 $1 $11) 58... Qf5+ 59. Kd4 Kh5 (59... Qd7+ $17 60. Kc3 Qc6+ 61. Kb4 Qb6+ 62. Ka4 Qd4+ 63. Ka5 Qa7+ 64. Kb5 Qb7+ 65. Kc5 Qe7+ 66. Kc6 Qe8+ 67. Kb6 Qe3+ 68. Kb7 Kh5) 60. Ke3 (60. Qh1 $11) 60... Qg4 (60... Qe6+ $17 61. Kd4 Qe1) 61. Qh1 $11 {[%emt 0:00:50] The position is equal.} Qg3+ 62. Ke4 Kg4 63. Qf1 Kxh4 64. Qxf7 Qe1+ 65. Kd4 Qd2+ 66. Ke4 Qe1+ 67. Kd4 Qd1+ 68. Ke4 Qb1+ 69. Ke3 Kxg5 70. Qf4+ Kg6 71. Qe4+ Qxe4+ 72. Kxe4 {Weighted Error Value: White=0.41/Black=0.31  Missed win:     	---       	Black=2      Mistake:       	White=11    	Black=5      Inaccurate:     	White=1     	Black=1      OK:         	White=18    	Black=21     Best:        	White=10    	Black=7      Strong:       	White=1     	Black=3} 1/2-1/2

[Event "Budapest One Week IM-A 03-2025"]
[Site "Budapest"]
[Date "2025.03.20"]
[Round "6.4"]
[White "Rydstrom, Tom"]
[Black "Krizsany, Laszlo"]
[Result "1/2-1/2"]
[Annotator "TA"]
[ECO "B10"]
[WhiteElo "2301"]
[BlackElo "2287"]
[PlyCount "32"]
[EventDate "2025.03.17"]
[EventType "tourn"]
[EventCountry "HUN"]
[SourceTitle "playchess.com"]
[Source "ChessBase"]
[SourceQuality "1"]
[TimeControl "5400+30"]

1. e4 c6 2. Nf3 d5 3. d3 dxe4 4. dxe4 Qxd1+ 5. Kxd1 g6 6. Nbd2 {[%emt 0:00:26] B10: Caro-Kann: 2 d3 and 2 c4.} Bg7 7. Ne1 f5 8. Nd3 $146 (8. f3 Nf6 9. Bd3 Na6 10. exf5 Bxf5 11. Bxf5 gxf5 12. Nd3 Nd5 13. Re1 O-O-O 14. Nc4 {0-1 Chigaev,M (2588)-Vachier Lagrave,M (2778) Titled Tuesday intern op 14th July f blitz 2020 (3.1)}) 8... Nf6 9. e5 Ng4 (9... Ne4 $5) 10. Nf3 $1 Nd7 11. Bf4 g5 12. Bxg5 Ndxe5 13. Nfxe5 Nxe5 14. Nxe5 Bxe5 15. c3 Rg8 16. f4 Be6 {[%emt 0:01:53] Not much happened in this game.   Weighted Error Value: White=0.05 (flawless) /Black=0.07 (flawless)   Inaccurate:     	White=1     	---        OK:         	White=5     	Black=4      Best:        	---       	Black=1      Strong:       	White=1     	---} 1/2-1/2

[Event "Budapest One Week IM-A 03-2025"]
[Site "Budapest"]
[Date "2025.03.20"]
[Round "6.5"]
[White "Tscheuschner, Georg"]
[Black "Nakahara, Kan"]
[Result "1/2-1/2"]
[Annotator "TA"]
[ECO "A15"]
[WhiteElo "2236"]
[BlackElo "2113"]
[PlyCount "113"]
[EventDate "2025.03.17"]
[EventType "tourn"]
[EventCountry "HUN"]
[SourceTitle "playchess.com"]
[Source "ChessBase"]
[SourceQuality "1"]
[TimeControl "5400+30"]

1. c4 Nf6 2. Nf3 e6 3. Nc3 d5 4. e3 Be7 5. b3 b6 6. Bb2 O-O 7. cxd5 {[%emt 0:00:19] A13: English Opening: 1...e6.} exd5 8. d4 Nbd7 9. Bd3 a6 10. O-O Bd6 11. e4 dxe4 12. Nxe4 Be7 $146 (12... Nxe4 13. Bxe4 Rb8 14. Ne5 Bxe5 15. dxe5 Nc5 16. Bc2 Qxd1 17. Rfxd1 Bg4 18. f3 Be6 {½-½ Adhiban,B (2689)-Usmanov,V (2450) PRO League Stage rapid 2019 (6)}) 13. Ng3 g6 14. Re1 Bb4 15. Be4 Nxe4 16. Rxe4 Nf6 17. d5 $1 Nxe4 18. Nxe4 {[%emt 0:00:14] and Nf6+ should not be overlooked} f6 $1 19. Qd4 $1 Bc5 20. Nxf6+ (20. Nxc5 bxc5 21. Qc4 Qd6 $17) 20... Rxf6 21. Qxf6 Qxf6 22. Bxf6 Bb7 23. Rd1 $36 {[%emt 0:05:51][%mdl 2048] White is more active.} Re8 24. Ne5 Bd6 25. Nc4 Bc5 {[%emt 0:04:49] [#]} (25... Re2 $11) 26. Kf1 $1 $16 b5 {[%emt 0:05:14] [#]} 27. d6 $1 cxd6 (27... bxc4 28. d7 Rf8 29. d8=Q (29. d8=B cxb3 30. axb3 Re8 $11) 29... Rxd8 30. Rxd8+ Kf7 31. Rd7+ Kxf6 32. Rxc7 cxb3 33. axb3 $18 (33. Rxb7 $2 {too greedy.} bxa2 34. Ke2 a1=Q $19) (33. Rxc5 $2 b2 $19)) (27... Bxd6 28. Nxd6) 28. Nxd6 Bxd6 29. Rxd6 $14 {[%emt 0:00:01][%mdl 4096] Endgame KRB-KRB. White is a pawn up.} Bc8 30. Bg5 Kf7 31. Rf6+ Kg7 32. Rc6 Bf5 33. Rc7+ (33. Rxa6 $2 {gets mated.} Bd3+ 34. Kg1 Re1#) 33... Kg8 {[%emt 0:00:12] ( -> ...Bd3+)} 34. h4 h5 35. Be3 Re4 36. Ra7 Re6 37. Ke2 Be4 38. f3 Bf5 39. Kf2 Rc6 40. Kg3 b4 41. Rb7 Rc2 42. Rxb4 Rxa2 43. Rd4 a5 44. Bd2 Be6 45. Kf4 Bxb3 {[%emt 0:01:08] The position is equal.} 46. Ke5 Kf7 47. g4 hxg4 48. fxg4 a4 49. Bb4 Re2+ 50. Kf4 Bc2 51. Rd7+ Ke8 52. Rd4 Kf7 53. Ba3 Rh2 54. Kg5 Rg2 55. Rd7+ Ke6 56. Ra7 Kd5 57. h5 {[%emt 0:00:16] Weighted Error Value: White=0.05 (flawless) /Black=0.06 (flawless)   Mistake:       	---       	Black=1      Inaccurate:     	White=2     	Black=1      OK:         	White=14    	Black=23     Best:        	White=1     	Black=3      Strong:       	White=3     	Black=1} 1/2-1/2